 Dungeon Crawl Stone Soup version 0.27.1-3-gb3d3a73c9e (webtiles) character file.

Game seed: 14178984931614174577

13842 barney the Transmogrifier (level 11, -2/102 (106) HPs)
             Began as a Purple Draconian Transmuter on Oct 5, 2021.
             Was a Believer of the Shining One.
             Slain by a hell rat (17 damage)
             ... on level 1 of the Lair of Beasts.
             The game lasted 00:21:53 (16697 turns).

barney the Transmogrifier (DrTm)                   Turns: 16697, Time: 00:21:55

HP:   -2/102 (106)  AC: -3    Str: 13    XL:     11   Next: 80%
MP:   11/19         EV: 16    Int: 16    God:    the Shining One [**....]
Gold: 1294          SH:  0    Dex: 12    Spells: 6/20 levels left

rFire    . . .     SeeInvis +     - Unarmed
rCold    . . .     Faith    .   (shield currently unavailable)
rNeg     + . .     Spirit   .   (armour unavailable)
rPois    +         Reflect  .   l - +2 hat
rElec    .         Harm     .   m - scarf {repulsion}
rCorr    .         Rampage  .   (gloves currently unavailable)
Will     +....     Clarity  +   (no boots)
Stlth    +.........             L - amulet of Tushris {rPois Regen+}
HPRegen  1.27/turn              y - ring of see invisible
MPRegen  0.16/turn              d - +4 ring of evasion

@: blade hands, corroded, glowing, lightly drained, repel missiles
A: breathe power, AC +7, unfitting armour, cold-blooded, clarity, robust 1
a: Breathe Dispelling Energy, End Transformation, Renounce Religion, Divine
Shield


You were on level 1 of the Lair of Beasts.
You worshipped the Shining One.
The Shining One was pleased with you.
You had blades for hands.
You visited 3 branches of the dungeon, and saw 12 of its levels.
You visited the Abyss 1 time.
You also visited: Sewer.

You collected 1294 gold pieces.

Inventory:

Hand Weapons
 D - a +7 falchion of flaming (melded)
Armour
 k - a +2 cloak of preservation
 l - a +2 hat (worn)
 m - a scarf of repulsion (worn)
 r - the +4 cloak "Agowiafe" {rElec rC+ Str-2}
   (You found it on level 7 of the Dungeon)

   Str:       It affects your strength (-2).
   rC:        It protects you from cold.
   rElec:     It insulates you from electricity.
 G - a +2 pair of gloves (melded)
Magical Staves
 C - a staff of poison
Jewellery
 b - a +6 ring of dexterity
 c - a +6 ring of dexterity
 d - a +4 ring of evasion (right blade hand)
 n - an amulet of guardian spirit
 o - a +6 ring of intelligence
 y - a ring of see invisible (left blade hand)
 F - an amulet of magic regeneration
 L - the amulet of Tushris (around neck) {rPois Regen+}
   (You acquired it on level 9 of the Dungeon)

   [amulet of regeneration]

   rPois:     It protects you from poison.
   Regen:     It increases your rate of health regeneration.
Wands
 e - a wand of flame (32)
 A - a wand of iceblast (14)
 B - a wand of digging (2)
 E - a wand of paralysis (6)
 N - a wand of charming (13)
Scrolls
 f - 4 scrolls of identify
 i - 3 scrolls of magic mapping
 j - 2 scrolls of amnesia
 p - 3 scrolls of teleportation
 t - a scroll of brand weapon
 v - 2 scrolls of summoning
 w - a scroll of enchant armour
 J - a scroll of blinking {unknown}
Potions
 a - a potion of brilliance
 g - 6 potions of curing
 h - a potion of heal wounds
 q - 3 potions of haste
 s - a potion of berserk rage
 u - 2 potions of flight
 x - a potion of invisibility
 z - a potion of mutation
 H - 3 potions of lignification
 I - 2 potions of might {unknown}
 K - a potion of resistance {unknown}
 M - a potion of ambrosia {unknown}
Miscellaneous
 O - a lightning rod (4/4)


   Skills:
 + Level 9.3 Fighting
 + Level 1.8 Dodging
 - Level 3.3 Stealth
 * Level 9.8 Unarmed Combat
 - Level 5.3 Spellcasting
 - Level 12.8 Transmutations
 + Level 3.7 Evocations


You had 6 spell levels left.
You knew the following spells:

 Your Spells              Type           Power      Damage    Failure   Level
a - Blade Hands           Tmut           22%        N/A       21%         5
b - Spider Form           Tmut/Pois      12%        N/A       26%         3
c - Wereblood             Tmut           45%        N/A       7%          2
d - Ice Form              Ice/Tmut       24%        N/A       47%         4

Your spell library contained the following spells:

 Spells                   Type           Power      Damage    Failure   Level
 Beastly Appendage        Tmut           90%        N/A       6%          1
 Pain                     Necr           16%        1d4       54%         1
 Slow                     Hex            4%         N/A       65%         2
 Confusing Touch          Hex            4%         N/A       82%         3
 Portal Projectile        Hex/Tloc       8%         N/A       82%         3
 Vampiric Draining        Necr           2%         2d6       82%         3
 Airstrike                Air            2%         N/A       98%         4
 Animate Dead             Necr           2%         N/A       98%         4
 Summon Lightning Spire   Summ/Air       4%         N/A       98%         4
 Agony                    Necr           4%         N/A       100%        5
 Borgnjor's Vile Clutch   Necr/Erth      2%         N/A       100%        5
 Excruciating Wounds      Necr           2%         N/A       100%        5
 Lightning Bolt           Conj/Air       2%         1d13      100%        5
 Death Channel            Necr           2%         N/A       100%        6


Dungeon Overview and Level Annotations

Branches:
Dungeon (10/15)            Temple (1/1) D:6            Lair (1/6) D:9
    Orc (0/2) D:9           Sewer (visited)

Altars:
Ashenzari
Cheibriados
Dithmenos
Elyvilon
Fedhas
Gozag
Hepliaklqana
Kikubaaqudgha
Makhleb
Nemelex Xobeh
Qazlal
Ru
Sif Muna
Trog
Uskayaw
Vehumet
Wu Jian
Xom
Yredelemnul
Zin
The Shining One

Shops:
D:6 [

Annotations:
Lair:1 exclusion: 3 oklob plants


Innate Abilities, Weirdness & Mutations

You have blades for hands.
Your spellcasting is less reliable in this form.
You are incapable of wielding weapons or throwing items.
You can breathe bolts of dispelling energy.
Your rich purple scales are hard. (AC +7)
You cannot fit into any form of body armour.
You are cold-blooded and may be slowed by cold attacks.
You possess an exceptional clarity of mind.
You are robust. (+10% HP)


Message History

You tail-slap the oklob plant, but do no damage.
The oklob plant is almost destroyed.
The hell rat completely misses you.
You hit the oklob plant but do no damage.
The oklob plant is almost destroyed.
The oklob plant spits acid at you. The splash of acid hits you!
The acid corrodes you!
You are splashed with acid!
The oklob plant spits acid at you. The splash of acid hits you!
The acid corrodes you!
You are splashed with acid!
* * * LOW HITPOINT WARNING * * *
The hell rat closely misses you.
Your magical contamination has completely faded away.
You feel much better. The hell rat bites you!
The oklob plant spits acid at you. The splash of acid misses you.
You feel much better. The hell rat bites you! You partially resist.
You feel drained. The oklob plant spits acid at you.
The splash of acid is repelled.
The splash of acid hits the hell rat!
The hell rat is splashed with acid.
Unknown command.
You hit the oklob plant but do no damage.
The oklob plant is almost destroyed.
The hell rat bites you! The oklob plant spits acid at you.
The splash of acid hits you!
You are splashed with acid!
* * * LOW HITPOINT WARNING * * *
You hit the oklob plant but do no damage.
The oklob plant is almost destroyed.
The hell rat bites you!
* * * LOW HITPOINT WARNING * * *
Unknown command.
You feel much better. The oklob plant spits acid at you.
The splash of acid hits you!
* * * LOW HITPOINT WARNING * * *
The acid corrodes you!
You are splashed with acid!
* * * LOW HITPOINT WARNING * * *
The hell rat bites you!
You die...

#.≈≈≈.>≈≈≈≈.#
##.≈≈≈..≈≈≈≈≈.
#.≈≈≈≈≈≈≈≈≈≈.#
#..≈≈≈≈≈≈≈≈≈.#
##.≈≈≈≈≈≈≈≈.#.
##..#..≈....#..
##..####≈##P.##.
######...## #####...#
#$PP@r....# ..####.#
#.($......# .....#..
#.P.....#............
#.$..P..##...........
######.## #..........
### ..........
......... .......#
.......


You could see 3 oklob plants and a hell rat.

Vanquished Creatures
  Gastronok (D:9)
  Erica (D:9)
  A two-headed ogre (D:9)
  2 wizards (D:7)
  Pikel (D:6)
  Maggie (D:9)
  A cane toad (Lair:1)
  A rime drake (Lair:1)
  A komodo dragon (Lair:1)
  2 trolls (D:9)
  Prince Ribbit (D:7)
  4 polar bears (Lair:1)
  3 blink frogs (Lair:1)
  5 yaks (Lair:1)
  A wyvern (Lair:1)
  Eustachio (D:6)
  A steam dragon (D:7)
  Duvessa (D:7)
  2 acid dragons (D:9)
  6 water moccasins
  A hornet zombie (D:7)
  6 orc warriors
  An ice beast (D:6)
  A sky beast (D:6)
  5 ogres
  2 black bears (D:9)
  2 centaurs (D:8)
  5 wolves (Lair:1)
  A lemure (D:6)
  A phantom (D:4)
  7 bullfrogs
  4 kobold brigands (D:9)
  2 gnoll sergeants (D:9)
  3 scorpions
  2 water moccasin zombies (D:5)
  Dowan (D:7)
  8 wights
  A vampire bat (D:3)
  A howler monkey (D:9)
  A crimson imp (D:6)
  2 centaur zombies
  6 hounds
  3 orc priests
  Crazy Yiuf (D:2)
  A gnoll shaman (D:4)
  3 iguanas
  2 orc wizards
  A killer bee zombie (D:7)
  A howler monkey zombie (D:9)
  17 adders
  11 gnolls
  4 river rats (Sewer)
  A white imp (D:5)
  An ufetubus (D:5)
  5 worms
  3 dart slugs
  32 orcs
  14 ball pythons
  A bat (D:1)
  2 bat skeletons (D:3)
  3 bat zombies (D:3)
  4 endoplasms
  5 giant cockroaches
  6 hobgoblins
  3 jackals (D:2)
  5 quokkas
  5 frilled lizards
  9 goblins
  11 kobolds
  38 rats
292 creatures vanquished.

Vanquished Creatures (others)
  An orc wizard (D:6)
  2 orcs (D:6)
  13 fungi (D:9)
  30 plants
46 creatures vanquished.

Grand Total: 338 creatures vanquished

Notes
Turn   | Place    | Note
-------+----------+-------------------------------------------
     0 | D:1      | barney the Draconian Transmuter began the quest for the
                  | Orb.
     0 | D:1      | Reached XP level 1. HP: 16/16 MP: 3/3
   446 | D:1      | Reached XP level 2. HP: 20/23 MP: 3/5
   606 | D:1      | You fall into a shaft and drop 1 floor!
   633 | D:2      | Reached skill level 3 in Transmutations
  1243 | D:1      | Reached XP level 3. HP: 28/28 MP: 6/6
  1631 | D:2      | Learned a level 3 spell: Spider Form
  1634 | D:2      | Learned a level 2 spell: Wereblood
  1753 | D:2      | Reached skill level 4 in Transmutations
  2049 | D:2      | Gained mutation: You possess an exceptional clarity of
                  | mind. [potion of mutation]
  2049 | D:2      | Gained mutation: You are robust. (+10% HP) [potion of
                  | mutation]
  2049 | D:2      | Gained mutation: You evolve. [potion of mutation]
  2452 | D:2      | Lost mutation: You evolve. [evolution]
  2475 | D:2      | Reached XP level 4. HP: 27/38 MP: 7/7
  2925 | D:2      | Found a faded altar of an unknown god.
  3008 | D:2      | Found a runed translucent door.
  3009 | D:2      | Noticed Crazy Yiuf
  3138 | D:2      | Killed Crazy Yiuf
  3554 | D:3      | Reached skill level 5 in Transmutations
  3807 | D:3      | Reached XP level 5. HP: 44/44 MP: 8/8
  3842 | D:3      | Found an ancient bone altar of Kikubaaqudgha.
  4504 | D:4      | Noticed an ogre
  4514 | D:4      | Killed an ogre
  4515 | D:4      | Reached skill level 6 in Transmutations
  4515 | D:4      | Reached XP level 6. HP: 51/51 MP: 5/9
  4715 | D:4      | Reached skill level 7 in Transmutations
  4996 | D:4      | Identified a scroll of acquirement
  4996 | D:4      | Acquired a book of Weapons
  5014 | D:4      | Your scales start taking on a rich purple colour.
  5014 | D:4      | Reached XP level 7. HP: 30/57 MP: 5/10
  5340 | D:4      | Learned a level 5 spell: Blade Hands
  6008 | D:5      | Entered Level 5 of the Dungeon
  6029 | D:5      | Reached skill level 8 in Transmutations
  6488 | D:5      | Reached skill level 9 in Transmutations
  6935 | D:5      | Reached XP level 8. HP: 46/64 MP: 4/11
  7170 | D:5      | Found a white marble altar of Elyvilon.
  7296 | D:6      | Acquired 814 gold pieces
  7381 | D:6      | Reached skill level 10 in Transmutations
  7382 | D:6      | Found a staircase to the Ecumenical Temple.
  7399 | Temple   | Entered the Ecumenical Temple
  7504 | Temple   | Became a worshipper of the Shining One
  7616 | D:6      | Found a glowing drain.
  7632 | Sewer    | Entered a sewer
  8875 | D:6      | Reached skill level 11 in Transmutations
  8945 | D:6      | Found an opulent altar of Gozag.
  9019 | D:6      | Noticed Pikel
  9032 | D:6      | Killed Pikel
  9033 | D:6      | Reached XP level 9. HP: 36/75 MP: 3/12
  9754 | D:6      | Found an ornate altar of the Wu Jian Council.
  9891 | D:6      | Found a burning altar of Makhleb.
 10076 | D:6      | Noticed Eustachio
 10084 | D:6      | Killed Eustachio
 10085 | D:6      | Reached skill level 5 in Unarmed Combat
 10260 | D:6      | Found Amummyf's Armour Emporium.
 10614 | D:7      | Noticed a wizard
 10615 | D:7      | Noticed a wizard
 10624 | D:7      | Cast into level 2 of the Abyss (a wizard)
 10628 | D:7      | Escaped the Abyss
 10639 | D:7      | Killed a wizard
 10640 | D:7      | Reached skill level 5 in Fighting
 10647 | D:7      | Killed a wizard
 10648 | D:7      | Reached skill level 12 in Transmutations
 10667 | D:7      | Identified the +4 cloak "Agowiafe" {rElec rC+ Str-2}
 10691 | D:7      | Reached * piety under the Shining One
 10829 | D:7      | Noticed an angel
 10830 | D:7      | Found a shimmering altar of Xom.
 10830 | D:7      | Found a glowing silver altar of Zin.
 10858 | D:7      | Reached XP level 10. HP: 91/91 MP: 7/13
 11477 | D:7      | Noticed Dowan
 11478 | D:7      | Noticed Duvessa
 11483 | D:7      | Killed Dowan
 11486 | D:7      | Killed Duvessa
 11687 | D:7      | Noticed Prince Ribbit
 11694 | D:7      | Killed Prince Ribbit
 12424 | D:8      | Found a stormy altar of Qazlal.
 12441 | D:8      | Found a radiant altar of Vehumet.
 13465 | D:8      | Noticed a moth of wrath
 13467 | D:8      | Found a bloodstained altar of Trog.
 13896 | D:9      | Noticed Gastronok
 13909 | D:9      | Killed Gastronok
 14524 | D:9      | Noticed Maggie
 14533 | D:9      | Killed Maggie
 14534 | D:9      | Reached XP level 11. HP: 96/104 MP: 12/16
 14567 | D:9      | Learned a level 4 spell: Ice Form
 14930 | D:9      | Noticed a two-headed ogre
 14936 | D:9      | Killed a two-headed ogre
 14937 | D:9      | Reached skill level 1 in Evocations
 15011 | D:9      | Found a hide-covered altar of Uskayaw.
 15175 | D:9      | Found a staircase to the Orcish Mines.
 15182 | D:9      | Reached skill level 1 in Stealth
 15309 | D:9      | Noticed Erica
 15317 | D:9      | Killed Erica
 15355 | D:9      | Found a staircase to the Lair.
 15538 | Lair:1   | Entered Level 1 of the Lair of Beasts
 15570 | Lair:1   | Reached ** piety under the Shining One
 15818 | D:9      | Acquired the amulet of Tushris {rPois Regen+}
 15848 | D:10     | Entered Level 10 of the Dungeon
 15988 | Lair:1   | Reached skill level 5 in Spellcasting
 16679 | Lair:1   | Noticed an oklob plant
 16680 | Lair:1   | Noticed an oklob plant
 16681 | Lair:1   | Noticed an oklob plant
 16697 | Lair:1   | Slain by a hell rat

Illustrated notes

Levels and vault maps discovered:
D:1:      scummos_arrival_checkerplants, layout_basic, chequers_decorated_corner
D:2:      layout_basic, hellmonk_ecumenical_altar_leap_of_faith,
          uniq_crazy_yiuf_cottage
D:3:      layout_basic, kennysheep_vampire_church
D:4:      layout_basic
D:5:      layout_basic, nicolae_elyvilon_temple_path
D:6:      minmay_skewed_foursquare, layout_cave_pods,
          nicolae_wu_jian_immortal_techniques, grunt_gozag_statues,
          makhleb_grotto_becter, minmay_temple_entry_mist, portal_sewer_entry_e,
          serial_shops, shop, lemuel_old_faithful, uniq_eustachio, uniq_pikel
D:7:      cheibrodos_wizards_tower, layout_layer_cave,
          grunt_temple_overflow_order_and_chaos_1, uniq_prince_ribbit1,
          uniq_duvessa
D:8:      nicolae_whirlpool, layout_basic, tgw_trog, lemuel_crystal_altar,
          overflow_temple_1_default
D:9:      layout_long_grid, nicolae_uskayaw_dance_studio,
          grunt_lair_entry_orc_guard_hut,
          kennysheep_orc_monster_closet_entryway, uniq_gastronok, uniq_maggie,
          uniq_erica
D:10:     layout_long_grid, okawaru_metal_pillars_1_2, small_statue_intersection
Temple:   cyrus_temple_forest
Lair:1:   layout_cave_pods, cheibrodos_lair_lostbears, grunt_megastairs_1,
          infiniplex_staircase_pool_2, serial_bayou_shore_b,
          minmay_lair_oklob_chamber, lemuel_fruit_tree

Skill      XL: |  1  2  3  4  5  6  7  8  9 10 11 |
---------------+----------------------------------+-----
Transmutations | 3 4 5 6 7 9 11 12 | 12.8
Fighting       | 3 6 8 9 |  9.3
Unarmed Combat | 4 6 8 9 |  9.8
Spellcasting   | 3 5 |  5.3
Evocations     | 3 |  3.7
Stealth        | 3 |  3.3
Dodging        | |  1.8

Action                   |  1- 3 |  4- 6 |  7- 9 | 10-12 || total
-------------------------+-------+-------+-------+-------++-------
Melee: Unarmed           |    59 |    45 |   268 |   218 ||   590
       Headbutt          |    13 |     6 |       |       ||    19
       Kick              |    10 |    13 |       |       ||    23
       Tailslap          |     7 |    13 |    26 |    21 ||    67
       Short sword       |    40 |    27 |       |       ||    67
       Quarterstaff      |       |    73 |    14 |       ||    87
       Spear             |       |       |    11 |       ||    11
       Punch             |       |       |     2 |    10 ||    12
       Falchion          |       |       |     7 |     2 ||     9
 Cast: Beastly Appendage |    20 |    17 |       |       ||    37
       Spider Form       |     1 |     5 |     4 |     1 ||    11
       Wereblood         |       |     3 |    10 |     7 ||    20
       Blade Hands       |       |       |    29 |    32 ||    61
 Abil: Breathe Dispellin |       |       |     7 |     7 ||    14
  Use: Potion            |     2 |     1 |     9 |     4 ||    16
       Scroll            |       |     1 |     4 |    11 ||    16
 Stab: Sleeping          |       |     2 |       |       ||     2
Armor: Skin              |    29 |    57 |    80 |    52 ||   218
Dodge: Dodged            |    73 |   130 |   332 |   217 ||   752
       Repelled          |       |       |     3 |     6 ||     9
       Rpst.: Falchion   |       |       |     3 |     4 ||     7
